 Dungeon Crawl Stone Soup version 0.27.1-33-g824d729ab1 (webtiles) character file.

Game seed: 8251670687874052499

330 lonewolfV2 the Covered (level 6, -4/52 HPs)
             Began as a Minotaur Fighter on Dec 14, 2021.
             Slain by an ogre (21 damage)
             ... on level 5 of the Dungeon.
             The game lasted 00:13:22 (3143 turns).

lonewolfV2 the Covered (Minotaur Fighter)           Turns: 3143, Time: 00:13:22

Health: -4/52      AC: 10    Str: 23    XL:     6   Next: 26%
Magic:  5/5        EV:  6    Int:  5    God:
Gold:   1271       SH: 15    Dex:  9    Spells: 5/5 levels left

rFire    . . .     SeeInvis .   h - +5 hand axe (freeze)
rCold    . . .     Faith    .   i - +0 tower shield
rNeg     . . .     Spirit   .   b - +0 scale mail
rPois    .         Reflect  .   (helmet restricted)
rElec    .         Harm     .   (no cloak)
rCorr    .         Rampage  .   (no gloves)
Will     .....                  j - +2 pair of boots
Stlth    ..........             (no amulet)
HPRegen  0.17/turn              (no ring)
MPRegen  0.09/turn              (no ring)

@: no status effects
A: horns 2, retaliatory headbutt
a: no special abilities


You were on level 5 of the Dungeon.
You visited 2 branches of the dungeon, and saw 6 of its levels.
You also visited: Ossuary.

You collected 1445 gold pieces.
You spent 174 gold pieces at shops.

Inventory:

Hand Weapons
 a - a +0 war axe
 h - a +5 hand axe of freezing (weapon)
 l - a +3 vorpal mace
Armour
 b - a +0 scale mail (worn)
 c - a +0 kite shield
 i - a +0 tower shield (worn)
 j - a +2 pair of boots (worn)
Jewellery
 v - an amulet of guardian spirit
Scrolls
 m - a scroll of teleportation {unknown}
 t - a scroll of enchant weapon
Potions
 d - 6 potions of might
 e - 13 potions of degeneration
 f - 4 potions of curing
 g - a potion of heal wounds {unknown}
 k - a potion of flight {unknown}
 n - a potion of berserk rage {unknown}
 o - a potion of magic {unknown}
 p - a potion of brilliance {unknown}
 q - a potion of lignification {unknown}
 r - a potion of mutation {unknown}
 s - a potion of resistance {unknown}
 u - a potion of attraction {unknown}


   Skills:
 + Level 4.2 Fighting
 + Level 3.9(4.1) Axes
 + Level 2.0(3.2) Maces & Flails
 + Level 5.2 Armour
 + Level 2.5 Dodging
 + Level 5.2 Shields


You had 5 spell levels left.
You didn't know any spells.
Your spell library contained the following spells:

 Spells                   Type           Power      Damage    Failure   Level
 Apportation              Tloc           0%         N/A       100%        1
 Shock                    Conj/Air       0%         1d3       100%        1
 Swiftness                Air            0%         N/A       100%        3
 Airstrike                Air            0%         N/A       100%        4
 Alistair's Intoxication  Tmut/Pois      0%         N/A       100%        5
 Invisibility             Hex            0%         N/A       100%        6


Dungeon Overview and Level Annotations

Branches:
Dungeon (5/15)             Temple (1/1) D:4         Ossuary (visited)

Altars:
Cheibriados
Dithmenos
Hepliaklqana
Kikubaaqudgha
Trog
Vehumet
Wu Jian
Yredelemnul
Zin
The Shining One
Jiyva
Lugonu

Shops:
D:4 (


Innate Abilities, Weirdness & Mutations

You have a pair of horns on your head.
You reflexively headbutt those who attack you in melee.


Message History

You destroy the phantom!
Your base Maces & Flails skill increases to level 2!
Your Shields skill increases to level 5!
You have reached level 6!
Your experience leads to an increase in your attributes!
Increase (S)trength, (I)ntelligence, or (D)exterity?
You feel stronger.
v - an amulet of guardian spirit
Found a stone staircase leading up.
Found 28 stones.
Found a stone staircase leading down.
Found 9 gold pieces.
The iguana hisses angrily.
The ogre shouts!
The black bear growls angrily.
The iguana hisses menacingly.
The iguana bites you.
You slash the iguana!
The iguana seems to slow down.
You freeze the iguana.
The iguana is severely wounded.
You hit the ogre. You freeze the ogre. The ogre hits you but does no damage.
The iguana bites you but does no damage.
You hit the iguana. You freeze the iguana.
The iguana is almost dead.
You hit the ogre. You freeze the ogre.
The iguana is no longer moving slowly.
The ogre hits you with a +0 giant club!
A scorpion zombie comes into view.
You block the iguana's attack.
You hit the iguana but do no damage. You headbutt the iguana.
You kill the iguana!
You hit the ogre. You freeze the ogre. You closely miss the black bear.
You block the black bear's attack. x2
The black bear claws you but does no damage.
The ogre hits you with a +0 giant club!!
The black bear bites you.
* * * LOW HITPOINT WARNING * * *
The black bear claws you but does no damage.
You block the black bear's attack.
You feel better.
The ogre hits you with a +0 giant club!!
You die...

.......#.#.(....#
......#.........#
......#.........#
......#...).....########.
#..##.#...#######........
##............###........
<..............##........
................#O.......
...(............@<....Z..
................#h.......
#...............#........
#................####....
##................# $..
#.................# ..
#................... .
#(....##...........###
....#.###..........#


You could see a black bear, an ogre and a scorpion zombie.

Vanquished Creatures
  A phantom (D:5)
  A jelly (D:1)
  A centaur zombie (Ossuary)
  Terence (D:3)
  A human zombie (Ossuary)
  An iguana (D:5)
  An orc wizard (D:4)
  4 mummies (Ossuary)
  An adder (D:2)
  2 dart slugs
  4 endoplasms
  3 orcs
  8 ball pythons
  2 giant cockroaches (D:1)
  2 gnoll zombies (Ossuary)
  4 hobgoblins
  3 jackals (D:4)
  A quokka (D:1)
  2 bats (D:1)
  5 frilled lizards
  4 goblins
  A goblin zombie (Ossuary)
  3 hobgoblin zombies (Ossuary)
  4 kobolds
  5 rats
65 creatures vanquished.

Vanquished Creatures (others)
  A goblin (D:1)
  A quokka (D:1)
  A bat (D:1)
  2 demonic plants (Temple)
5 creatures vanquished.

Grand Total: 70 creatures vanquished

Notes
Turn   | Place    | Note
-------+----------+-------------------------------------------
     0 | D:1      | lonewolfV2 the Minotaur Fighter began the quest for the
                  | Orb.
     0 | D:1      | Reached XP level 1. HP: 19/19 MP: 0/0
   231 | D:1      | Reached XP level 2. HP: 23/27 MP: 1/1
   280 | D:1      | Found a faded altar of an unknown god.
   315 | D:1      | Became a worshipper of Jiyva Jutugogo the Shapeless
   315 | D:1      | Reached * piety under Jiyva
   364 | D:1      | Fell from the grace of Jiyva
  1475 | D:2      | Reached skill level 1 in Dodging
  1548 | D:2      | Reached XP level 3. HP: 33/33 MP: 2/2
  2130 | D:3      | Noticed Terence
  2141 | D:3      | Killed Terence
  2142 | D:3      | Reached XP level 4. HP: 26/40 MP: 3/3
  2285 | D:3      | You fall into a shaft and drop 2 floors!
  2285 | D:5      | Entered Level 5 of the Dungeon
  2285 | D:5      | Found a radiant altar of Vehumet.
  2302 | D:5      | Noticed a black bear
  2303 | D:5      | Noticed an ogre
  2389 | D:4      | Found a sand-covered staircase.
  2426 | Ossuary  | Entered an ossuary
  2547 | Ossuary  | Reached skill level 1 in Maces & Flails
  2547 | Ossuary  | Reached XP level 5. HP: 46/46 MP: 4/4
  2582 | Ossuary  | Identified a scroll of acquirement
  2582 | Ossuary  | Acquired 1361 gold pieces
  2763 | D:4      | Reached skill level 5 in Armour
  2846 | D:4      | Found Jolahir's Antique Weapon Boutique.
  2854 | D:4      | Bought a glowing hand axe for 174 gold pieces
  2880 | D:4      | Found a staircase to the Ecumenical Temple.
  2897 | Temple   | Entered the Ecumenical Temple
  3082 | D:5      | Noticed a phantom
  3087 | D:5      | Killed a phantom
  3088 | D:5      | Reached skill level 5 in Shields
  3088 | D:5      | Reached XP level 6. HP: 52/52 MP: 5/5
  3143 | D:5      | Slain by an ogre

Illustrated notes

Levels and vault maps discovered:
D:1:      heliophobic_arrival_dark_side_of_the_moon, layout_basic,
          ebering_ecumenical_altar_abandoned
D:2:      layout_loops_ring, minmay_heptomino_o4
D:3:      layout_loops_corners, nicolae_gozag_seed_capital, uniq_terence,
          uniq_robin
D:4:      layout_basic, minmay_temple_entry_offerings,
          nicolae_ossuary_entry_false_entrances, serial_shops,
          nicolae_square_shop
D:5:      layout_rooms, makhleb_heckhound_becter, lemuel_crystal_altar,
          kennysheep_doodads
Temple:   corrupted_temple

Skill      XL: |  1  2  3  4  5 |
---------------+----------------+-----
Armour         | 4 5 |  5.2
Dodging        | 1 2 |  2.5
Axes           | 3 |  3.9
Fighting       | 4 |  4.2
Shields        | 4 5 |  5.2
Maces & Flails | 1 2 |  2.0

Action                   |  1- 3 |  4- 6 || total
-------------------------+-------+-------++-------
Melee: War axe           |    85 |       ||    85
       Headbutt          |    20 |    14 ||    34
       Mace              |       |    73 ||    73
       Hand axe          |       |     6 ||     6
Invok: Renounce Religion |     1 |       ||     1
  Use: Scroll            |       |     5 ||     5
       Potion            |       |     1 ||     1
Armor: Scale mail        |    30 |    40 ||    70
Dodge: Dodged            |    33 |    14 ||    47
Block: Kite shield       |    26 |       ||    26
       Tower shield      |    25 |    68 ||    93
